 Dungeon Crawl Stone Soup version 0.25-a0-857-g60a0bcd8b5 (webtiles) character file.

Game seed: 12015603191647466843, levelgen mode: deterministic

92 Esekla the Grasshopper (level 4, -9/30 HPs)
             Began as an Octopode Warper on Apr 26, 2020.
             Mangled by an ogre
             ... wielding a +0 giant spiked club
              (23 damage)
             ... on level 6 of the Dungeon.
             The game lasted 00:15:52 (1940 turns).

Esekla the Grasshopper (Octopode Warper)            Turns: 1940, Time: 00:15:52

Health: -9/30      AC:  1    Str: 10    XL:     4   Next: 60%
Magic:  8/8        EV: 14    Int: 16    God:
Gold:   166        SH:  0    Dex: 11    Spells: 4/8 levels left

rFire    . . .     SeeInvis .   a - +0 falchion
rCold    . . .     Gourm    .   (no shield)
rNeg     . . .     Faith    .   (helmet restricted)
rPois    .         Spirit   .   (no amulet)
rElec    .         Reflect  .   (no ring)
rCorr    .         Harm     .   (no ring)
MR       .....                  (no ring)
Stlth    ++........             (no ring)
HPRegen  0.10/turn              (no ring)
MPRegen  0.11/turn              (no ring)
                                (no ring)
                                (no ring)

@: no status effects
A: almost no armour, stealthy swim, amphibious, 8 rings, constrict 8, camouflage
1, gelatinous body 1
a: no special abilities


You were on level 6 of the Dungeon.
You were not hungry.

You visited 1 branch of the dungeon, and saw 6 of its levels.
You also visited: Sewer.

You collected 166 gold pieces.

Inventory:

Hand Weapons
 a - a +0 falchion (weapon)
 n - a +3 short sword
Missiles
 d - 5 boomerangs of dispersal
 o - 8 poisoned darts (quivered)
Jewellery
 r - a cursed ring of teleportation {unknown}
Scrolls
 c - a scroll of blinking
 e - a scroll of remove curse {unknown}
 m - 2 scrolls of enchant armour {unknown}
 p - a scroll of noise {unknown}
 q - 3 scrolls of identify {unknown}
Potions
 b - 3 potions of flight {unknown}
 g - a potion of might {unknown}
 h - a potion of lignification {unknown}
 i - 3 potions of heal wounds
 j - 2 potions of stabbing {unknown}
 k - 3 potions of curing {unknown}
 l - a potion of brilliance {unknown}
Comestibles
 f - 4 rations


   Skills:
 + Level 2.4 Fighting
 * Level 3.1 Long Blades
 - Level 1.0 Throwing
 + Level 2.8 Dodging
 - Level 0.4 Stealth
 * Level 2.6 Spellcasting
 * Level 0.9 Charms
 + Level 3.1 Translocations


You had 4 spell levels left.
You knew the following spells:

 Your Spells              Type           Power        Failure   Level  Hunger
a - Shroud of Golubria    Chrm/Tloc      #.....       13%         2    ##.....
b - Blink                 Tloc           N/A          9%          2    ##.....

Your spell library contained the following spells:

 Spells                   Type           Power        Failure   Level  Hunger
 Gell's Gravitas          Tloc           ##........   16%         3    ###....
 Lesser Beckoning         Tloc           ##........   16%         3    ###....
 Teleport Other           Tloc           ##......     16%         3    ###....
 Passage of Golubria      Tloc           N/A          47%         4    #####..


Dungeon Overview and Level Annotations

Branches:
Dungeon (6/15)              Sewer (visited)
 Temple: D:4-7

Altars:


Innate Abilities, Weirdness & Mutations

You cannot wear most types of armour.
You are very stealthy in the water. (Stealth+)
You are amphibious.
You can wear up to eight rings at the same time.
You can use your tentacles to constrict eight enemies at once.
Your skin changes colour to match your surroundings (Stealth+).
Your rubbery body absorbs attacks. (AC +1, EV +1)


Message History

You hit the centaur but do no damage. The centaur hits you.
You hit the centaur.
The centaur is lightly wounded.
The centaur completely misses you. The centaur hits you. The centaur hits you.
The centaur closely misses you.
Found a ration.
You hit the centaur. You squeeze the centaur!
The centaur is severely wounded.
The centaur closely misses you.
You completely miss the centaur.
The centaur is severely wounded.
The centaur barely misses you. The centaur hits you!
* * * LOW HITPOINT WARNING * * *
The ogre closely misses you.
You riposte.
You hit the ogre.
The ogre is lightly wounded.
It was a potion of heal wounds.
You feel much better. The centaur hits you! The centaur hits you.
The ogre hits you with a +0 giant spiked club!!
Ouch! That really hurt!
You die...

.......
.........# ...
......... ...
.%....... ..
........ #.
...... #.####..#
##..#Oc##
#...(.@.#
####..##...##.
#.....###.....
#.....####.....#
#.......#......#
##...........##.
####.<.......
##......$##
##.#.....


You could see an ogre and a centaur.

Vanquished Creatures
  3 adders
  2 oozes
  A worm (D:3)
  A dart slug (D:1)
  4 orcs (D:3)
  3 giant cockroaches
  A goblin (D:1)
  A hobgoblin (D:3)
  16 kobolds
  4 ball pythons
  9 bats
  5 rats
50 creatures vanquished.

Notes
Turn   | Place    | Note
-------+----------+-------------------------------------------
     0 | D:1      | Esekla the Octopode Warper began the quest for the Orb.
     0 | D:1      | Reached XP level 1. HP: 14/14 MP: 3/3
   152 | D:1      | Reached XP level 2. HP: 19/19 MP: 5/5
   261 | D:1      | You fall into a shaft and drop 1 floor!
   271 | D:2      | Reached XP level 3. HP: 23/24 MP: 6/6
   275 | D:2      | Learned a level 2 spell: Shroud of Golubria
   278 | D:2      | Learned a level 2 spell: Blink
   588 | D:3      | Found a glowing drain.
   614 | Sewer    | Entered a sewer
   669 | Sewer    | Reached XP level 4. HP: 29/29 MP: 7/7
  1899 | D:5      | Entered Level 5 of the Dungeon
  1932 | D:6      | Noticed a centaur
  1933 | D:6      | Noticed an ogre
  1940 | D:6      | Mangled by an ogre

Levels and vault maps discovered:
D:1:      lemuel_arrival_muddy, layout_basic
D:2:      layout_loops_ring, nicolae_dithmenos_through_a_glass_darkly,
          zin_purify
D:3:      layout_loops_ring, cheibrodos_sewer_entry_drain
D:4:      layout_layer_cave, nicolae_ru_awakened_eye, kennysheep_mini,
          grunt_ministairs_9, minmay_ruined_shrine
D:5:      layout_basic, marbit_many_paths, kennysheep_little_box, basic_altar,
          first_ration, fedhas_bush_and_centaur_altar
D:6:      layout_cave_pools, minmay_temple_entry_grid

Skill      XL: |  1  2  3  4 |
---------------+-------------+-----
Long Blades    | 3 |  3.1
Fighting       | |  2.4
Throwing       | |  1.0
Dodging        | |  2.8
Stealth        | |  0.4
Spellcasting   | |  2.6
Charms         | |  0.9
Translocations | |  3.1

Action                   |  1- 3 |  4- 6 || total
-------------------------+-------+-------++-------
Melee: Falchion          |    45 |    51 ||    96
       Tentacles         |    13 |    11 ||    24
       Constrict         |    14 |    17 ||    31
Throw: Dart              |       |     7 ||     7
 Cast: Shroud of Golubri |     5 |     6 ||    11
  Use: Potion            |       |     1 ||     1
 Stab: Sleeping          |     4 |     1 ||     5
  Eat: Chunk             |       |     4 ||     4
Armor: Skin              |     6 |     2 ||     8
Dodge: Dodged            |    30 |    47 ||    77
       Rpst.: Falchion   |     9 |     9 ||    18

Table legend:
 A = Non-vault XP
 B = Vault XP
 C = Vault XP percentage of total XP
 D = Non-vault monster count
 E = Vault monster count
 F = Vault count percentage of total count
                 A         B        C        D         E       F
            +---------+---------+-------+---------+---------+-------
      Total |      89 |      43 |  32.6 |      23 |      27 |  54.0
            +---------+---------+-------+---------+---------+-------
        D:1 |      21 |       0 |   0.0 |       8 |       0 |   0.0
        D:2 |      30 |       0 |   0.0 |       4 |       0 |   0.0
        D:3 |      38 |       4 |   9.5 |      11 |       3 |  21.4
      Sewer |       0 |      39 | 100.0 |       0 |      24 | 100.0
            +---------+---------+-------+---------+---------+-------
